 Dungeon Sprint DCSS version 0.17.0-56-gd8de76c (webtiles) character file.

8680 kosy22 the Blocker (level 11, 0/120 HPs)
             Began as a Troll Fighter on Dec 5, 2015.
             Was a High Priest of Fedhas.
             Slain by a spriggan air mage
             ... wielding an uncursed staff of fire
              (18 damage)
             ... in the Dungeon (Sprint V: "Ziggurat Sprint").
             The game lasted 00:09:31 (690 turns).

kosy22 the Blocker (Troll Fighter)                   Turns: 690, Time: 00:09:31

Health: 0/120      AC: 22    Str: 44    XL:     11   Next: 13%
Magic:  11/11      EV:  5    Int:  4    God:    Fedhas [*****.]
Gold:   0          SH: 32    Dex:  9    Spells: 0 memorised, 12 levels left

rFire  . . .     SeeInvis +     L - +14 obsidian axe {chop, +Fly Str+3 SInv *Curse} (curse)
rCold  . . .     Clarity  .     k - +5 shadow dragon armour
rNeg   + . .     SustAt   .     J - +18 shield of the gong {rElec rN+ MR+ EV-5}
rPois  +         Gourm    +     (helmet restricted)
rElec  +         Spirit   .     P - +1 cloak {rPois}
rCorr  .         Warding  .     (gloves unavailable)
rMut   .         NoTele   +     (boots unavailable)
MR     +....                    (no amulet)
Stlth  ++........               E - +6 ring of strength
                                D - +6 ring of strength

@: mesmerised, somewhat resistant to hostile enchantments, unstealthy
A: unfitting armour, claws 3, fast metabolism 3, gourmand, regeneration 2,
shaggy fur 1, tough skin 2
a: Evolution, Sunlight, Growth, Reproduction, Rain, Renounce Religion, Evoke
Flight


You were in the Dungeon.
You worshipped Fedhas.
Fedhas was extremely pleased with you.
You were not hungry.

You visited 1 branch

Inventory:

Hand Weapons
 K - the +6 Majin-Bo {vamp, Archmagi MP+6 Int+6}
   (You found it in the Dungeon)

   It inflicts no extra harm, but heals its wielder somewhat when it strikes a
   living foe.
   It affects your intelligence (+6).
   It affects your magic capacity (+6).
 L - the cursed +14 obsidian axe (weapon) {chop, +Fly Str+3 SInv *Curse}
   (You found it in the Dungeon)

   It inflicts extra damage upon your enemies.
   It affects your strength (+3).
   It lets you see invisible.
   It lets you fly.
   It may re-curse itself when equipped.
   It has a curse placed upon it.
Missiles
 R - a large rock (quivered)
Armour
 a - a +0 robe
 b - a +0 shield
 k - a +5 shadow dragon armour (worn)
 J - the +18 shield of the gong (worn) {rElec rN+ MR+ EV-5}
   (You found it in the Dungeon)

   It affects your evasion (-5).
   It insulates you from electricity.
   It protects you from negative energy.
   It affects your resistance to hostile enchantments.
 P - a +1 cloak of poison resistance (worn)
Rods
 S - a +2 rod of the swarm (9/9)
   (You found it in the Dungeon)
Jewellery
 y - a +6 ring of dexterity
 A - a +6 ring of dexterity
 B - a +6 ring of intelligence
 C - a +6 ring of intelligence
 D - a +6 ring of strength (left claw)
 E - a +6 ring of strength (right claw)
 M - the amulet "Saukick" {Spirit Str+4 Int-5 SInv}
   (You found it in the Dungeon)

   [amulet of guardian spirit]

   It causes incoming damage to be split between your health and magic.
   It affects your strength (+4).
   It affects your intelligence (-5).
   It lets you see invisible.
 O - the ring of the Leaf {rPois rC+ MR+ Str+4 Int+3}
   (You found it in the Dungeon)

   [ring of strength]

   It affects your strength (+4).
   It affects your intelligence (+3).
   It protects you from cold.
   It protects you from poison.
   It affects your resistance to hostile enchantments.
 Q - the ring of Shaolin {EV+8}
   (You found it in the Dungeon)

   [ring of evasion]

   It affects your evasion (+8).
Wands
 F - a wand of disintegration (7)
 G - a wand of fire (5)
 H - a wand of cold (5)
 I - a wand of draining (5)
Scrolls
 j - 4 scrolls of blinking
 q - 4 scrolls of amnesia
 r - 3 scrolls of recharging
 s - 7 scrolls of fog
 t - a scroll of holy word
 u - 5 scrolls of identify
 v - 5 scrolls of remove curse
 w - 2 scrolls of fear
 N - 4 scrolls of enchant armour
Potions
 c - 6 potions of might
 e - 10 potions of curing
 f - 7 potions of heal wounds
 g - 6 potions of haste
 h - 7 potions of magic
 i - 3 potions of berserk rage
 l - 2 potions of brilliance
 m - 2 potions of invisibility
 n - 4 potions of resistance
 p - 5 potions of agility
Miscellaneous
 o - a plain deck of summoning
Comestibles
 d - 5 bread rations
 x - 41 fruits
 z - 4 meat rations


   Skills:
 + Level 11.4 Fighting
 + Level 10.3 Axes
 + Level 1.2 Staves
 + Level 2.0 Throwing
 + Level 5.5 Armour
 + Level 9.5 Dodging
 + Level 1.4 Stealth
 + Level 12.8 Shields
 + Level 4.8 Unarmed Combat
 + Level 1.0 Spellcasting
 + Level 1.4 Invocations
 + Level 1.2 Evocations


You had 12 spell levels left.
You didn't know any spells.

Dungeon Overview and Level Annotations

Branches:
Dungeon (1/1)

Altars:
Ashenzari
Cheibriados
Dithmenos
Elyvilon
Fedhas
Gozag
Kikubaaqudgha
Makhleb
Nemelex Xobeh
Okawaru
Qazlal
Ru
Sif Muna
Trog
Vehumet
Xom
Yredelemnul
Zin
The Shining One
Beogh
Jiyva
Lugonu


Innate Abilities, Weirdness & Mutations

You are too large for most types of armour.
You have claws for hands.
Your metabolism is lightning-fast.
You like to eat raw meat.
You heal very quickly.
You are covered in fur (AC +1).
You have very tough skin (AC +2).


Message History

* * * LOW HITPOINT WARNING * * *
The spriggan air mage burns you!
* * * LOW HITPOINT WARNING * * *
You block the spriggan air mage's attack.
GONNNNG!
The insubstantial wisp hits you but does no damage.
Unknown command.
Drink which item? (? for menu, Esc to quit)
You feel much better.
Visions of slaying the spriggan air mage flood into your mind.
You block the wind drake's attack.
BONNNG!
You block the spriggan air mage's attack.
PTOANNNG!
The spriggan air mage barely misses you.
The spriggan air mage hits you with an uncursed staff of fire.
* * * LOW HITPOINT WARNING * * *
The spriggan air mage burns you!
You die...
Fedhas appreciates your contribution to the ecosystem.

▓...8©8...▓
▓....).:..▓..|.:3}..▓
▓..((|)|..▓....:3...▓
▓.........▓.........▓
▓.........▓.....))..▓
▓....v....▓.....†...▓
▓.........▓...)(|...▓
▓...ivi...▓.........▓
▓...k@i...▓.........▓
▓.........▓▓▓▓▓▓▓▓▓▓▓
▓▓▓▓▓▓▓▓▓▓▓


You could see a wind drake, 3 spriggan air magi and 2 insubstantial wisps.

Vanquished Creatures
  A storm dragon (D)
  A thrashing horror (D)
  A deep elf summoner (D)
  A deep elf conjurer (D)
  2 wolf spiders (D)
  A cyclops (D)
  2 yaktaurs (D)
  3 guardian mummies (D)
  A jumping spider (D)
  A merfolk (D)
  A wind drake (D)
  A spriggan (D)
  An air elemental (D)
  A ynoxinul (D)
  A hippogriff (D)
  A deep elf mage (D)
  A neqoxec (D)
  An insubstantial wisp (D)
  2 wolves (D)
  A hell hound (D)
  3 black bears (D)
  5 centaurs (D)
  3 scorpions (D)
  A crimson imp (D)
  2 iron imps (D)
  3 sheep (D)
  2 mummies (D)
  3 adder zombies (D)
  An adder skeleton (D)
  3 bat skeletons (D)
  A giant cockroach zombie (D)
  A jackal skeleton (D)
53 creatures vanquished.

Vanquished Creatures (collateral kills)
  A deep elf summoner (D)
  A jumping spider (D)
  A chaos spawn (D)
  A centaur (D)
  A quokka skeleton (D)
5 creatures vanquished.

Vanquished Creatures (others)
  2 spatial maelstroms (D)
  26 toadstools (D)
28 creatures vanquished.

Grand Total: 86 creatures vanquished

Notes
Turn   | Place    | Note
--------------------------------------------------------------
     0 | D        | kosy22 the Troll Fighter began the quest for the Orb.
     0 | D        | Reached XP level 1. HP: 22/22 MP: 0/0
     9 | D        | Banished a spatial maelstrom
    13 | D        | Found an iron altar of Okawaru.
    13 | D        | Found a radiant altar of Vehumet.
    13 | D        | Found a shimmering altar of Xom.
    13 | D        | Found a burning altar of Makhleb.
    14 | D        | Found a deep blue altar of Sif Muna.
    16 | D        | Found a roughly hewn altar of Beogh.
    16 | D        | Found a corrupted altar of Lugonu.
    16 | D        | Found a viscous altar of Jiyva.
    16 | D        | Found a white marble altar of Elyvilon.
    16 | D        | Found a sparkling altar of Nemelex Xobeh.
    16 | D        | Found a bloodstained altar of Trog.
    18 | D        | Banished a spatial maelstrom
    80 | D        | Reached skill level 3 in Fighting
    80 | D        | Reached skill level 1 in Axes
    80 | D        | Reached skill level 1 in Staves
    80 | D        | Reached skill level 1 in Throwing
    80 | D        | Reached skill level 1 in Armour
    80 | D        | Reached skill level 1 in Stealth
    80 | D        | Reached skill level 1 in Spellcasting
    80 | D        | Reached skill level 1 in Evocations
    80 | D        | Reached XP level 2. HP: 29/31 MP: 0/2
   131 | D        | Became a worshipper of Fedhas Madash
   146 | D        | Entered arena 1.
   161 | D        | Entered arena 2.
   167 | D        | Reached XP level 3. HP: 26/39 MP: 3/3
   169 | D        | Reached skill level 4 in Fighting
   177 | D        | Entered arena 3.
   177 | D        | Noticed a guardian mummy
   177 | D        | Noticed a guardian mummy
   177 | D        | Noticed a guardian mummy
   183 | D        | Killed a guardian mummy
   183 | D        | Reached skill level 5 in Fighting
   183 | D        | Reached skill level 5 in Dodging
   183 | D        | Reached skill level 6 in Shields
   183 | D        | Reached XP level 4. HP: 22/52 MP: 4/4
   183 | D        | Reached XP level 5. HP: 24/59 MP: 5/5
   183 | D        | Reached XP level 6. HP: 27/67 MP: 6/6
   185 | D        | Killed a guardian mummy
   185 | D        | Reached skill level 7 in Fighting
   186 | D        | Killed a guardian mummy
   186 | D        | Reached XP level 7. HP: 21/79 MP: 7/7
   279 | D        | Entered arena 4.
   279 | D        | Noticed a deep elf conjurer
   279 | D        | Noticed a deep elf mage
   279 | D        | Noticed a deep elf summoner
   279 | D        | Noticed a deep elf summoner
   284 | D        | Killed a deep elf mage
   284 | D        | Reached skill level 8 in Fighting
   285 | D        | Killed a deep elf conjurer
   285 | D        | Reached skill level 5 in Axes
   285 | D        | Reached XP level 8. HP: 34/89 MP: 8/8
   288 | D        | Killed a deep elf summoner
   288 | D        | Reached skill level 9 in Fighting
   290 | D        | Killed a deep elf summoner
   290 | D        | Reached XP level 9. HP: 41/100 MP: 9/9
   295 | D        | Got the amulet "Saukick" {Spirit Str+4 Int-5 SInv}
   301 | D        | Got the ring of the Leaf {rPois rC+ MR+ Str+4 Int+3}
   303 | D        | Entered arena 5.
   303 | D        | Noticed a yaktaur
   303 | D        | Noticed a centaur
   303 | D        | Noticed a yaktaur
   303 | D        | Noticed a centaur
   303 | D        | Noticed a centaur
   308 | D        | Killed a centaur
   309 | D        | Killed a centaur
   310 | D        | Killed a centaur
   311 | D        | Killed a yaktaur
   311 | D        | Reached skill level 10 in Shields
   313 | D        | Killed a yaktaur
   313 | D        | Reached skill level 10 in Fighting
   427 | D        | Reached * piety under Fedhas
   427 | D        | Reached ** piety under Fedhas
   439 | D        | Entered arena 6.
   439 | D        | Noticed a chaos spawn
   439 | D        | Noticed a ynoxinul
   439 | D        | Noticed a crimson imp
   439 | D        | Noticed an iron imp
   439 | D        | Noticed a thrashing horror
   439 | D        | Noticed a neqoxec
   443 | D        | Killed a thrashing horror
   445 | D        | Killed a crimson imp
   447 | D        | Killed a neqoxec
   449 | D        | Killed a chaos spawn
   450 | D        | Noticed a rust devil
   450 | D        | a sixfirhy changed into a rust devil
   451 | D        | Killed a ynoxinul
   454 | D        | Killed an iron imp
   472 | D        | Entered arena 7.
   472 | D        | Noticed a black bear
   472 | D        | Noticed a black bear
   472 | D        | Noticed a black bear
   472 | D        | Noticed a spriggan
   472 | D        | Noticed a wolf
   472 | D        | Noticed a wolf
   477 | D        | Killed a wolf
   477 | D        | Reached XP level 10. HP: 111/111 MP: 10/10
   478 | D        | Killed a wolf
   478 | D        | Killed a black bear
   478 | D        | Reached skill level 11 in Shields
   479 | D        | Killed a black bear
   481 | D        | Killed a black bear
   489 | D        | Killed a spriggan
   502 | D        | Entered arena 8.
   502 | D        | Noticed a jumping spider
   502 | D        | Noticed a scorpion
   502 | D        | Noticed a wolf spider
   502 | D        | Noticed a scorpion
   502 | D        | Noticed a wolf spider
   502 | D        | Noticed a scorpion
   502 | D        | Noticed a jumping spider
   507 | D        | Killed a scorpion
   508 | D        | Killed a wolf spider
   509 | D        | Reached *** piety under Fedhas
   513 | D        | Killed a wolf spider
   513 | D        | Killed a scorpion
   515 | D        | Killed a scorpion
   516 | D        | Killed a jumping spider
   516 | D        | Reached skill level 1 in Invocations
   528 | D        | Killed a jumping spider
   532 | D        | Reached **** piety under Fedhas
   532 | D        | Reached ***** piety under Fedhas
   536 | D        | Entered arena 9.
   536 | D        | Noticed an iron imp
   536 | D        | Noticed a hell hound
   542 | D        | Killed a hell hound
   546 | D        | Killed an iron imp
   558 | D        | Entered arena 10.
   558 | D        | Noticed a centaur
   558 | D        | Noticed a cyclops
   558 | D        | Noticed a centaur
   558 | D        | Noticed a centaur
   558 | D        | Noticed a hippogriff
   558 | D        | Noticed a merfolk
   564 | D        | Killed a cyclops
   564 | D        | Reached skill level 12 in Shields
   568 | D        | Killed a hippogriff
   568 | D        | Reached skill level 5 in Armour
   569 | D        | Killed a centaur
   569 | D        | Killed a centaur
   574 | D        | Killed a merfolk
   576 | D        | Killed a centaur
   677 | D        | Entered arena 11.
   677 | D        | Noticed a storm dragon
   677 | D        | Noticed a wind drake
   677 | D        | Noticed an air elemental
   677 | D        | Noticed an insubstantial wisp
   677 | D        | Noticed a wind drake
   679 | D        | Noticed an insubstantial wisp
   679 | D        | Noticed an insubstantial wisp
   679 | D        | Noticed a spriggan air mage
   680 | D        | Noticed a spriggan air mage
   681 | D        | Noticed a spriggan air mage
   684 | D        | Killed an air elemental
   686 | D        | Killed a wind drake
   686 | D        | Killed an insubstantial wisp
   686 | D        | Reached skill level 10 in Axes
   689 | D        | Killed a storm dragon
   689 | D        | Reached XP level 11. HP: 31/120 MP: 11/11
   690 | D        | Slain by a spriggan air mage

Action                   |  1- 3 |  4- 6 |  7- 9 | 10-12 || total
-------------------------+-------+-------+-------+-------++-------
Melee: Broad axe         |    12 |     2 |    27 |    46 ||    87
Throw: Large rock        |       |       |       |     3 ||     3
Invok: Evolution         |       |       |       |     1 ||     1
  Use: Potion            |     1 |     1 |       |     2 ||     4
  Eat: Bread ration      |     1 |       |       |       ||     1
       Fruit             |     1 |       |       |       ||     1
